 Dungeon Crawl Stone Soup version 0.22-a0-469-gf26638a (webtiles) character file.

238 gmonis the Cudgeler (level 5, 0/45 HPs)
             Began as a Minotaur Berserker on June 13, 2018.
             Was a Believer of Trog.
             Killed from afar by an orc wizard (9 damage)
             ... with a magic dart
             ... on level 3 of the Dungeon.
             The game lasted 00:03:11 (2660 turns).

gmonis the Cudgeler (Minotaur Berserker)            Turns: 2660, Time: 00:03:13

Health: 0/45       AC:  2    Str: 21    XL:     5   Next: 78%
Magic:  4/4        EV: 12    Int:  4    God:    Trog [**....]
Gold:   56         SH:  0    Dex: 11    Spells: 4/4 levels left

rFire    . . .     SeeInvis .   a - +0 mace
rCold    . . .     Gourm    .   (no shield)
rNeg     + . .     Faith    .   b - +0 animal skin
rPois    .         Spirit   .   (helmet restricted)
rElec    .         Reflect  .   (no cloak)
rCorr    .         Harm     .   (no gloves)
MR       .....                  (no boots)
Stlth    +.........             (no amulet)
HPRegen  0.15/turn              d - ring of positive energy
MPRegen  0.09/turn              (no ring)

@: berserk cooldown, slowed, very slow
A: retaliatory headbutt, horns 2
a: Berserk, Trog's Hand, Renounce Religion


You were on level 3 of the Dungeon.
You worshipped Trog.
Trog was pleased with you.
You were very hungry.

You visited 1 branch of the dungeon, and saw 3 of its levels.

You collected 56 gold pieces.

Inventory:

Hand Weapons
 a - a +0 mace (weapon)
Missiles
 j - 89 stones (quivered)
Armour
 b - a +0 animal skin (worn)
Jewellery
 d - a ring of positive energy (left hand)
 i - an uncursed ring of fire {unknown}
 q - an uncursed ring of poison resistance {unknown}
Scrolls
 f - 3 scrolls of remove curse {unknown}
 g - 3 scrolls of identify {unknown}
 k - a scroll of amnesia {unknown}
 l - 2 scrolls of teleportation {unknown}
 o - 3 scrolls of enchant weapon {unknown}
 p - a scroll of noise {unknown}
 v - a scroll of immolation {unknown}
 w - a scroll of blinking {unknown}
Potions
 e - a potion of brilliance {unknown}
 h - a potion of resistance {unknown}
 m - a potion of curing {unknown}
 n - a potion of cancellation {unknown}
 r - a potion of berserk rage {unknown}
 s - a potion of degeneration {unknown}
 t - a potion of lignification {unknown}
Comestibles
 c - 5 rations
 u - a chunk of flesh


   Skills:
 - Level 3.6 Fighting
 + Level 7.9 Maces & Flails
 - Level 2.4 Armour
 - Level 2.1 Dodging


You had 4 spell levels left.
You didn't know any spells.
Your spell library was empty.

Dungeon Overview and Level Annotations

Branches:
Dungeon (3/15)

Altars:
Dithmenos


Innate Abilities, Weirdness & Mutations

You reflexively headbutt those who attack you in melee.
You have a pair of horns on your head.


Message History

You feel yourself slow down.
The gnoll shouts!
Something hits you but does no damage.
You see here a leather armour.
You hit the gnoll.
The gnoll is moderately wounded.
The gnoll hits you with a spear!
You hear some strange, mumbled words.
A magic dart appears from out of thin air!
The magic dart hits you! The gnoll hits you with a spear.
The gnoll hits you with a whip!
* * * LOW HITPOINT WARNING * * *
You hit the gnoll.
The gnoll is moderately wounded.
Something completely misses you. The gnoll misses you.
The gnoll hits you but does no damage.
You hear some strange, mumbled words.
A magic dart appears from out of thin air!
The magic dart hits you!
You die...

...## .... #... ###....
#... #......# #..###
........ ..####....###
.....# #.....gg....#
....#
##..####@###...###..##
......g)...###.......##
....#.##.....###......#
. # #.......###..#.#
#....†###....#.##
#...###....#.#..#
#.###......#.##.##
#.........##.##..#
######....##......


You could see 3 gnolls.

Vanquished Creatures
  The ghost of Tiareth the Magician, an amateur DDWz (D:3)
  An orc priest (D:3)
  An orc wizard (D:3)
  5 adders
  A worm (D:3)
  A dart slug (D:1)
  A leopard gecko (D:1)
  2 orcs (D:3)
  A ball python (D:1)
  6 bats
  A giant cockroach (D:2)
  5 goblins
  7 hobgoblins
  3 jackals (D:2)
  3 frilled lizards
  7 kobolds (D:1)
  5 rats
51 creatures vanquished.

Notes
Turn   | Place    | Note
-------+----------+-------------------------------------------
     0 | D:1      | gmonis the Minotaur Berserker began the quest for the Orb.
     0 | D:1      | Reached XP level 1. HP: 19/19 MP: 0/0
   183 | D:1      | Reached skill level 4 in Maces & Flails
   465 | D:1      | Reached XP level 2. HP: 15/26 MP: 1/1
  1176 | D:1      | Reached skill level 5 in Maces & Flails
  1316 | D:1      | Reached XP level 3. HP: 21/31 MP: 2/2
  2261 | D:2      | Reached ** piety under Trog
  2263 | D:2      | Reached XP level 4. HP: 39/39 MP: 3/3
  2264 | D:2      | Reached skill level 6 in Maces & Flails
  2302 | D:2      | Found a shadowy altar of Dithmenos.
  2535 | D:3      | Noticed Tiareth's ghost (amateur DDWz)
  2542 | D:3      | Killed Tiareth's ghost
  2542 | D:3      | Reached skill level 7 in Maces & Flails
  2542 | D:3      | Reached XP level 5. HP: 45/45 MP: 4/4
  2660 | D:3      | Killed from afar by an orc wizard

Vault maps used:
D:1:      minmay_arrival_stair_chambers
D:2:      grunt_dithmenos_smoke
D:3:      nicolae_overflow_hidden_temple, first_ration, minmay_unequal

Skill      XL: |  1  2  3  4 |
---------------+-------------+-----
Maces & Flails | 4 5 7 |  7.9
Fighting       | |  3.6
Armour         | |  2.4
Dodging        | |  2.1

Action                   |  1- 3 |  4- 6 || total
-------------------------+-------+-------++-------
Melee: Mace              |    84 |    32 ||   116
       Headbutt          |    11 |     5 ||    16
Invok: Berserk           |       |     2 ||     2
 Stab: Sleeping          |       |     2 ||     2
  Eat: Chunk             |     4 |     2 ||     6
Armor: Animal skin       |    17 |     8 ||    25
Dodge: Dodged            |    54 |    21 ||    75

Table legend:
 A = Spawn XP
 B = Non-spawn XP
 C = Spawn XP percentage of total XP
 D = Spawn monster count
 E = Non-spawn monster count
 F = Spawn count percentage of total count
 G = Total turns spent on level
                    A         B        C        D         E        F      G
               +---------+---------+-------+---------+---------+-------+---------
         Total |       0 |     341 |   0.0 |       0 |      51 |   0.0 |  2660
               +---------+---------+-------+---------+---------+-------+---------
           D:1 |       0 |      43 |   0.0 |       0 |      24 |   0.0 |  1555
           D:2 |       0 |      74 |   0.0 |       0 |      17 |   0.0 |   978
           D:3 |       0 |     224 |   0.0 |       0 |      10 |   0.0 |   127
               +---------+---------+-------+---------+---------+-------+---------
